 Dungeon Crawl Stone Soup version 0.23-a0-622-g59b4ea9 (webtiles) character file.

102 Gildeon the Ruffian (level 4, 0/36 HPs)
             Began as a Draconian Transmuter on Dec 23, 2018.
             Slain by a gnoll
             ... wielding a +0 flail
              (6 damage)
             ... on level 3 of the Dungeon.
             The game lasted 00:14:48 (2235 turns).

Gildeon the Ruffian (Draconian Transmuter)          Turns: 2235, Time: 00:14:48

Health: 0/36       AC:  5    Str: 13    XL:     4   Next: 49%
Magic:  7/7        EV: 12    Int: 14    God:
Gold:   64         SH:  0    Dex: 11    Spells: 4/8 levels left

rFire    . . .     SeeInvis .     - Unarmed
rCold    . . .     Gourm    .   (no shield)
rNeg     . . .     Faith    .   (armour unavailable)
rPois    .         Spirit   .   (helmet restricted)
rElec    .         Reflect  .   (no cloak)
rCorr    .         Harm     .   (no gloves)
MR       .....                  (boots currently unavailable)
Stlth    +.........             (no amulet)
HPRegen  0.12/turn              (no ring)
MPRegen  0.10/turn              (no ring)

@: appendage (expiring)
A: unfitting armour, talons 3, cold-blooded, AC +5
a: End Transformation


You were on level 3 of the Dungeon.
You were not hungry.
You had grown temporary talons.
You visited 1 branch of the dungeon, and saw 3 of its levels.

You collected 64 gold pieces.

Inventory:

Wands
 f - a wand of random effects (14)
Scrolls
 d - a scroll of remove curse
 i - a scroll of fog {unknown}
 j - a scroll of magic mapping {unknown}
Potions
 a - a potion of invisibility
 b - a potion of flight
 e - a potion of curing
 g - 2 potions of brilliance
Comestibles
 c - 9 rations
 h - 3 chunks of flesh


   Skills:
 + Level 2.0 Fighting
 + Level 2.2 Dodging
 * Level 4.1 Unarmed Combat
 + Level 2.5 Spellcasting
 + Level 2.5 Transmutations


You had 4 spell levels left.
You knew the following spells:

 Your Spells              Type           Power        Failure   Level  Hunger
a - Beastly Appendage     Tmut           #.....       8%          1    #......
b - Spider Form           Tmut/Pois      #.........   36%         3    ###....

Your spell library contained the following spells:

 Spells                   Type           Power        Failure   Level  Hunger
 Sticks to Snakes         Tmut           #.......     12%         2    ###....
 Ice Form                 Ice/Tmut       #.......     78%         4    #####..
 Blade Hands              Tmut           #.........   91%         5    ######.


Dungeon Overview and Level Annotations

Branches:
Dungeon (3/15)

Altars:
Ru


Innate Abilities, Weirdness & Mutations

Your plain brown scales are hard. (AC +5)
You cannot fit into any form of body armour.
You are cold-blooded and may be slowed by cold attacks.
You have claws for feet.


Message History

The gnoll misses you. The gnoll barely misses you.
You hit the gnoll. Your punch misses the gnoll.
The gnoll is moderately wounded.
The gnoll hits you with a +0 halberd! The gnoll closely misses you.
The kobold closely misses you.
You completely miss the gnoll.
The gnoll is moderately wounded.
The gnoll hits you from afar with a +0 spear.
The gnoll hits you with a +0 halberd!
* * * LOW HITPOINT WARNING * * *
The kobold hits you but does no damage.
You feel better. The gnoll hits you with a +0 flail.
* * * LOW HITPOINT WARNING * * *
The gnoll barely misses you. The gnoll misses you.
The kobold hits you but does no damage. The gnoll closely misses you.
You hit the gnoll. You claw the gnoll.
Your tail-slap misses the gnoll.
The gnoll is moderately wounded.
The gnoll hits you with a +0 flail.
You die...

###.....###......................
#.......+........................
........###.##........(..........
.................................
.................................
#........#.#.................#...
#........#.#.†.†...#.........####
###........###.K...#.............
..............g@................
..##.$........ggg.$....#.........
.......#...............#.........
.....................#.........
.......#####...#.........
........ .###.........
........... # #.........
..........#+###.........
..........##.........


You could see 4 gnolls and a kobold.

Vanquished Creatures
  2 adders (D:2)
  An ooze (D:2)
  A worm (D:3)
  3 dart slugs
  2 leopard geckos (D:1)
  2 giant cockroaches
  10 goblins
  7 hobgoblins
  13 jackals
  A quokka (D:2)
  7 bats
  2 frilled lizards
  4 kobolds
  5 rats
60 creatures vanquished.

Notes
Turn   | Place    | Note
-------+----------+-------------------------------------------
     0 | D:1      | Gildeon the Draconian Transmuter began the quest for the
                  | Orb.
     0 | D:1      | Reached XP level 1. HP: 16/16 MP: 3/3
   124 | D:1      | Reached XP level 2. HP: 20/23 MP: 3/5
   842 | D:2      | Reached XP level 3. HP: 20/28 MP: 4/6
  1200 | D:2      | Learned a level 3 spell: Spider Form
  1264 | D:2      | Found a sacrificial altar of Ru.
  1475 | D:2      | Reached XP level 4. HP: 18/36 MP: 7/7
  1950 | D:3      | Reached skill level 4 in Unarmed Combat
  2235 | D:3      | Slain by a gnoll

Vault maps used:
D:1:      lightli_iron_boxes
D:2:      nicolae_ru_awakened_eye, chequers_serial_rivers_small_a,
          columned_hall_lemuel

Skill      XL: |  1  2  3  4 |
---------------+-------------+-----
Dodging        | 2 |  2.2
Unarmed Combat | 4 |  4.1
Fighting       | 2 |  2.0
Spellcasting   | |  2.5
Transmutations | |  2.5

Action                   |  1- 3 |  4- 6 || total
-------------------------+-------+-------++-------
Melee: Unarmed           |   161 |    54 ||   215
       Tailslap          |    17 |     3 ||    20
       Kick              |     8 |     7 ||    15
       Headbutt          |     6 |     5 ||    11
       Punch             |     1 |       ||     1
 Cast: Beastly Appendage |    17 |    10 ||    27
  Use: Scroll            |     4 |     4 ||     8
       Potion            |       |     1 ||     1
  Eat: Chunk             |     2 |     3 ||     5
Armor: Skin              |    66 |    12 ||    78
Dodge: Dodged            |   132 |    32 ||   164

Table legend:
 A = Non-vault XP
 B = Vault XP
 C = Vault XP percentage of total XP
 D = Non-vault monster count
 E = Vault monster count
 F = Vault count percentage of total count
                 A         B        C        D         E       F
            +---------+---------+-------+---------+---------+-------
      Total |     146 |       0 |   0.0 |      60 |       0 |   0.0
            +---------+---------+-------+---------+---------+-------
        D:1 |      37 |       0 |   0.0 |      20 |       0 |   0.0
        D:2 |      74 |       0 |   0.0 |      25 |       0 |   0.0
        D:3 |      35 |       0 |   0.0 |      15 |       0 |   0.0
            +---------+---------+-------+---------+---------+-------
